 Dungeon Crawl Stone Soup version 0.24.0-1-gfbc8707 (webtiles) character file.

Game seed: 16524750159238809966, levelgen mode: deterministic

101 Buxparty the Skirmisher (level 4, -1/37 HPs)
             Began as a Mummy Gladiator on Jan 3, 2020.
             Was an Initiate of Gozag.
             Slain by an orc wizard
             ... wielding a +0 dagger
              (2 damage)
             ... on level 3 of the Dungeon.
             The game lasted 00:06:01 (2958 turns).

Buxparty the Skirmisher (Mummy Gladiator)           Turns: 2958, Time: 00:06:02

Health: -1/37      AC:  5    Str: 18    XL:     4   Next: 48%
Magic:  13/13      EV: 13    Int:  7    God:    Gozag
Gold:   157        SH:  0    Dex: 13    Spells: 3/3 levels left

rFire    x . .     SeeInvis .   i - -2 short sword (curse)
rCold    + . .     Gourm    .   (no shield)
rNeg     + + +     Faith    .   b - +0 leather armour
rPois    ∞         Spirit   .   c - +0 helmet
rElec    .         Reflect  .   (no cloak)
rCorr    .         Harm     .   m - +0 pair of gloves
MR       .....                  (no boots)
Stlth    +.........             (no amulet)
HPRegen  0.12/turn              e - ring of magical power
MPRegen  0.13/turn              (no ring)

@: gold aura
A: no food or potions, fire vulnerability, cold resistance 1, negative energy
resistance 3, torment resistance, unbreathing
a: Potion Petition, Call Merchant, Bribe Branch, Renounce Religion


You were on level 3 of the Dungeon.
You worshipped Gozag.
Gozag was aware of your devotion.
You were not hungry.

You visited 1 branch of the dungeon, and saw 3 of its levels.

You collected 176 gold pieces.
You paid 19 gold pieces to Gozag.

Inventory:

Hand Weapons
 a - a +1 rapier
 f - a +1 mace of protection
 h - a +3 dagger
 i - a cursed -2 short sword (weapon)
 l - a +0 short sword of protection
Missiles
 d - 3 throwing nets (quivered)
 k - 16 poisoned darts
Armour
 b - a +0 leather armour (worn)
 c - a +0 helmet (worn)
 m - a +0 pair of gloves (worn)
Jewellery
 e - a ring of magical power (left hand)
Scrolls
 g - a scroll of teleportation
 j - 2 scrolls of identify
 n - a scroll of remove curse {unknown}
 o - a scroll of amnesia {unknown}


   Skills:
 * Level 4.1 Fighting
 - Level 2.4 Short Blades
 - Level 1.5 Throwing
 + Level 3.1 Dodging


You had 3 spell levels left.
You didn't know any spells.
Your spell library was empty.

Dungeon Overview and Level Annotations

Branches:
Dungeon (3/15)

Altars:
Gozag
Makhleb


Innate Abilities, Weirdness & Mutations

You do not eat or drink.
Your flesh is vulnerable to fire.
You are immune to poison.
Your flesh is cold resistant. (rC+)
You are immune to negative energy. (rN+++)
You are immune to unholy pain and torment.
You can survive without breathing.


Message History

The orc is almost dead.
The orc closely misses you.
You hit the orc.
You kill the orc!
You closely miss something. Something hits you but does no damage.
The orc completely misses you.
You barely miss something. Something hits you.
* * * LOW HITPOINT WARNING * * *
You miss something. Something hits you but does no damage.
You barely miss something. Something hits you.
* * * LOW HITPOINT WARNING * * *
A quokka comes into view.
You hit something but do no damage.
You hear some strange, mumbled words.
A magic dart appears from out of thin air!
The magic dart hits you.
* * * LOW HITPOINT WARNING * * *
You hit something but do no damage. Something hits you.
You die...
Your body crumbles into a pile of gold.

#....#.#
#....#.# .
#....#.# #.
#.#.##.# #.
#......#
..######.####
... #.#
#.##l###.#
#..rr.{@.#
####o##### #.
.. ###


You could see an orc, a quokka, a frilled lizard and a rat.

Vanquished Creatures
  3 adders (D:2)
  An ooze (D:1)
  A worm (D:2)
  3 dart slugs
  4 leopard geckos
  An orc (D:3)
  5 bats
  4 giant cockroaches
  9 goblins
  3 hobgoblins
  3 jackals (D:1)
  8 kobolds
  6 frilled lizards
  5 rats
56 creatures vanquished.

Notes
Turn   | Place    | Note
-------+----------+-------------------------------------------
     0 | D:1      | Buxparty the Mummy Gladiator began the quest for the Orb.
     0 | D:1      | Reached XP level 1. HP: 16/16 MP: 1/1
    58 | D:1      | Reached XP level 2. HP: 17/23 MP: 2/2
   455 | D:1      | Reached skill level 3 in Fighting
   570 | D:1      | Reached XP level 3. HP: 25/29 MP: 3/3
  1896 | D:2      | Found a burning altar of Makhleb.
  1936 | D:2      | Reached XP level 4. HP: 34/37 MP: 4/4
  2290 | D:2      | Reached skill level 4 in Fighting
  2521 | D:2      | Found an opulent altar of Gozag.
  2592 | D:2      | Became a worshipper of Gozag Ym Sagoz the Greedy
  2957 | D:3      | HP: 1/37 [something/magic dart (6)]
  2958 | D:3      | Slain by an orc wizard

Levels and vault maps discovered:
D:1:      ncdulo_watergridlock, layout_loops_cross
D:2:      layout_loops_ring, lemuel_crystal_altar, marbit_many_paths,
          serial_glass, glass_columns_a, glass_columns_c, grunt_ministairs_11,
          hangedman_decor_push, glass_columns_b
D:3:      layout_loops_cross, chequers_ecumenical_altar_simple_redux,
          corexii_corridor_pit, kennysheep_nondescript, st_stairs_9,
          nrook_campfire, minmay_circle_x

Skill      XL: |  1  2  3  4 |
---------------+-------------+-----
Fighting       | 3 4 |  4.1
Dodging        | 3 |  3.1
Short Blades   | |  2.4
Throwing       | |  1.5

Action                   |  1- 3 |  4- 6 || total
-------------------------+-------+-------++-------
Melee: Rapier            |    55 |       ||    55
       Short sword       |   139 |   105 ||   244
  Use: Scroll            |     2 |     2 ||     4
 Stab: Distracted        |       |     1 ||     1
Armor: Leather armour    |    48 |    28 ||    76
Dodge: Dodged            |   104 |    83 ||   187
